 Dungeon Sprint DCSS version 0.17-a0-1636-g3119f2b (webtiles) character file.

14159 Kidiri the Tortoise (level 11, -3/104 HPs)
             Began as a Minotaur Fighter on Aug 6, 2015.
             Was a High Priest of Okawaru.
             Slain by a sun demon (19 damage)
             ... summoned by an orc high priest
             ... in the Dungeon (Sprint IX: "|||||||||||||||||||||||||||||").
             The game lasted 00:11:58 (2440 turns).

Kidiri the Tortoise (Minotaur Fighter)              Turns: 2440, Time: 00:12:00

Health: -3/104     AC: 27    Str: 27    XL:     11   Next: 85%
Magic:  13/16      EV: 16    Int:  5    God:    Okawaru [*****.]
Gold:   1559       SH: 17    Dex: 14    Spells: 0 memorised, 10 levels left

rFire  . . .     SeeInvis .     a - +0 trident
rCold  . . .     Clarity  .     s - +0 plate armour
rNeg   . . .     SustAt   .     c - +0 shield
rPois  .         Gourm    .     (helmet restricted)
rElec  .         Spirit   .     y - +0 cloak
rCorr  .         Warding  .     l - +2 pair of gloves {Dex+3}
rMut   .         NoTele   +     A - +0 pair of boots
MR     .....                    (no amulet)
Stlth  ..........               r - +3 ring of dexterity
                                b - +3 ring of strength

@: heroism, finesse, not resistant to hostile enchantments, extremely unstealthy
A: retaliatory headbutt, horns 2, clumsy 1, wild magic 1
a: Heroism, Finesse, Renounce Religion


You were in the Dungeon.
You worshipped Okawaru.
Okawaru was extremely pleased with you.
You were very hungry.

You visited 1 branch You collected 1559 gold pieces.

Inventory:

Hand weapons
 a - a +0 trident (weapon)
Missiles
 e - 7 tomahawks of dispersal
 B - 2 throwing nets
 C - 6 javelins (quivered)
Armour
 c - a +0 shield (worn)
 l - a +2 pair of gloves of dexterity (worn)
 p - a +0 pair of gloves
 s - a +0 plate armour (worn)
 y - a +0 cloak (worn)
 A - a +0 pair of boots (worn)
Jewellery
 b - a +3 ring of strength (left hand)
 r - a +3 ring of dexterity (right hand)
Magical devices
 o - a wand of draining (7)
Scrolls
 k - 2 scrolls of blinking
 m - 3 scrolls of remove curse
 n - 2 scrolls of amnesia
 t - a scroll of recharging
 u - 2 scrolls of fog
 v - 2 scrolls of fear
Potions
 d - a potion of invisibility
 f - 6 potions of curing
 g - 3 potions of heal wounds
 h - 2 potions of haste
 i - 4 potions of magic
 j - a potion of berserk rage
 D - 2 potions of brilliance
Comestibles
 q - 13 meat rations
 w - 5 chunks of flesh
 x - 40 fruits
 z - 12 bread rations


   Skills:
 + Level 11.9(16.9) Fighting
 * Level 15.7(20.7) Polearms
 + Level 5.5(10.5) Throwing
 * Level 15.9(20.9) Armour
 + Level 10.5(15.5) Dodging
 * Level 15.9(20.9) Shields
 + Level 9.1 Invocations
 + Level 8.1 Evocations


You had 10 spell levels left.
You didn't know any spells.

Dungeon Overview and Level Annotations

Branches:
Dungeon (1/1)

Altars:
Cheibriados
Dithmenos
Elyvilon
Fedhas
Gozag
Kikubaaqudgha
Makhleb
Nemelex Xobeh
Okawaru
Qazlal
Ru
Sif Muna
Trog
Vehumet
Xom
Yredelemnul
Zin
The Shining One
Beogh
Jiyva
Lugonu

Shops:
D :*%:


Innate Abilities, Weirdness & Mutations

You reflexively headbutt those who attack you in melee.
You have a pair of horns on your head.
You are clumsy. (Dex -2)
Your spells are a little harder to cast, but a little more powerful.


Message History

The orc high priest is heavily wounded.
You puncture the orc high priest!
The orc high priest is severely wounded.
You barely miss the orc high priest.
The orc high priest is severely wounded.
The sun demon closely misses you.
You barely miss the orc high priest. You headbutt the orc high priest!
The orc high priest is almost dead.
The orc high priest mumbles some strange prayers to Beogh.
The orc high priest is healed somewhat.
You closely miss the orc high priest.
Your headbutt misses the orc high priest.
The orc high priest is severely wounded.
You barely miss the orc high priest.
Your headbutt misses the orc high priest.
The orc high priest is severely wounded.
The sun demon hits you!
* * * LOW HITPOINT WARNING * * *
You are engulfed in flames!!
You die...

....'.....[)(....([(.[.[(|..'____
.▓▓▓▓▓▓▓▓▓▓▓▓▓▓▓▓▓▓▓▓▓▓▓▓▓▓▓▓▓▓▓▓
.................................
▓▓▓▓▓▓▓▓▓▓▓▓▓▓▓▓▓▓▓▓▓▓▓▓▓▓▓▓▓▓▓▓▓
....'..[..[..'[..(.......÷'......
.▓▓▓▓▓▓▓▓▓▓▓▓▓▓▓▓▓▓▓▓▓▓▓▓▓▓▓▓▓▓▓▓
...................).............
▓▓▓▓▓▓▓▓▓▓▓▓▓▓▓▓▓▓▓▓▓▓▓▓▓▓▓▓▓▓▓▓▓
+...4oo@3)∩.∩)())('.....
▓▓▓▓▓▓▓▓▓▓▓▓▓▓▓▓▓▓▓▓▓▓▓▓


You could see an orc knight, an orc high priest, a sun demon and a hellwing.

Vanquished Creatures
  Harold (D)
  A death yak (D)
  5 orc high priests (D)
  Urug (D)
  8 orc knights (D)
  An elephant (D)
  A black mamba (D)
  A komodo dragon (D)
  2 spiny frogs (D)
  A troll (D)
  4 polar bears (D)
  A wraith (D)
  Eustachio (D)
  A basilisk (D)
  A vampire mosquito (D)
  2 wolves (D)
  3 water moccasins (D)
  An eye of draining (D)
  9 orc warriors (D)
  An ice beast (D)
  A sky beast (D)
  A porcupine (D)
  4 black bears (D)
  2 centaurs (D)
  A big kobold (D)
  2 crocodiles (D)
  A giant frog (D)
  8 orc priests (D)
  2 orc wizards (D)
  A worker ant (D)
  An iguana (D)
  A sheep (D)
  A river rat (D)
  6 orcs (D)
  A bat skeleton (D)
  A bat zombie (D)
  A giant cockroach (D)
  2 hobgoblins (D)
  A bat (D)
  A giant newt (D)
  A jackal skeleton (D)
  A rat (D)
87 creatures vanquished.

Notes
Turn   | Place    | Note
--------------------------------------------------------------
     0 | D        | Kidiri the Minotaur Fighter began the quest for the Orb.
     0 | D        | Reached XP level 1. HP: 19/19 MP: 0/0
    10 | D        | Reached skill level 4 in Armour
    26 | D        | Noticed a centaur
    26 | D        | Noticed a worker ant
    26 | D        | Noticed an ice beast
    29 | D        | Killed an ice beast
    29 | D        | Reached skill level 5 in Fighting
    29 | D        | Reached skill level 5 in Polearms
    29 | D        | Reached skill level 6 in Armour
    29 | D        | Reached XP level 2. HP: 25/29 MP: 1/1
    29 | D        | Reached XP level 3. HP: 31/36 MP: 2/2
    29 | D        | Reached XP level 4. HP: 36/42 MP: 3/3
    32 | D        | Killed a worker ant
    37 | D        | Killed a centaur
    37 | D        | Reached skill level 7 in Polearms
    37 | D        | Reached XP level 5. HP: 22/50 MP: 4/4
    49 | D        | Found a glowing silver altar of Zin.
    49 | D        | Found a glowing golden altar of the Shining One.
    49 | D        | Found an ancient bone altar of Kikubaaqudgha.
    49 | D        | Found a basalt altar of Yredelemnul.
    49 | D        | Found a shimmering altar of Xom.
    49 | D        | Found a radiant altar of Vehumet.
    50 | D        | Found an iron altar of Okawaru.
    51 | D        | Found a burning altar of Makhleb.
    52 | D        | Found a deep blue altar of Sif Muna.
    53 | D        | Found a bloodstained altar of Trog.
    54 | D        | Found a sparkling altar of Nemelex Xobeh.
    55 | D        | Found a white marble altar of Elyvilon.
    56 | D        | Found a roughly hewn altar of Beogh.
    57 | D        | Found a viscous altar of Jiyva.
    58 | D        | Became a worshipper of Warmaster Okawaru
    59 | D        | Found a corrupted altar of Lugonu.
    60 | D        | Found a blossoming altar of Fedhas.
    61 | D        | Found a snail-covered altar of Cheibriados.
    62 | D        | Found a shadowy altar of Dithmenos.
    63 | D        | Found a stormy altar of Qazlal.
    64 | D        | Found an opulent altar of Gozag.
    65 | D        | Found a sacrificial altar of Ru.
   237 | D        | Noticed an eye of draining
   237 | D        | Noticed a sky beast
   237 | D        | Noticed a big kobold
   237 | D        | Noticed an orc priest
   237 | D        | Noticed an orc warrior
   250 | D        | Killed an orc warrior
   250 | D        | Reached skill level 8 in Armour
   250 | D        | Reached skill level 1 in Invocations
   250 | D        | Reached skill level 1 in Evocations
   250 | D        | Reached XP level 6. HP: 35/57 MP: 1/6
   255 | D        | Killed an orc priest
   267 | D        | Killed a big kobold
   267 | D        | Acquired Okawaru's first power
   267 | D        | Reached skill level 9 in Armour
   275 | D        | Killed a sky beast
   275 | D        | Reached skill level 5 in Dodging
   282 | D        | Killed an eye of draining
   282 | D        | Reached XP level 7. HP: 25/66 MP: 0/8
   287 | D        | Gained mutation: You are frail (-10% HP). [mutagenic meat]
   288 | D        | Gained mutation: You are clumsy. (Dex -2) [mutagenic meat]
   289 | D        | Lost mutation: You are frail (-10% HP). [mutagenic meat]
   290 | D        | Gained mutation: Your spells are a little harder to cast, but a little more powerful. [mutagenic meat]
   482 | D        | Noticed a wraith
   482 | D        | Noticed a troll
   482 | D        | Noticed a vampire mosquito
   482 | D        | Noticed a centaur
   482 | D        | Noticed a basilisk
   491 | D        | Killed a basilisk
   491 | D        | Reached skill level 10 in Armour
   503 | D        | Killed a centaur
   503 | D        | Reached skill level 10 in Shields
   508 | D        | Killed a vampire mosquito
   508 | D        | Reached skill level 10 in Polearms
   513 | D        | Killed a troll
   513 | D        | Reached XP level 8. HP: 72/74 MP: 8/10
   528 | D        | Killed a wraith
   528 | D        | Reached skill level 11 in Armour
   652 | D        | Noticed a water moccasin
   652 | D        | Noticed a komodo dragon
   652 | D        | Noticed a water moccasin
   652 | D        | Noticed a crocodile
   652 | D        | Noticed a spiny frog
   652 | D        | Noticed an iguana
   655 | D        | Noticed a wolf
   657 | D        | Killed an iguana
   661 | D        | Killed a spiny frog
   664 | D        | Noticed a crocodile
   668 | D        | Killed a crocodile
   674 | D        | Killed a water moccasin
   680 | D        | Killed a komodo dragon
   680 | D        | Reached skill level 5 in Invocations
   680 | D        | Reached XP level 9. HP: 24/82 MP: 11/11
   684 | D        | Killed a water moccasin
   695 | D        | Killed a wolf
   695 | D        | Reached skill level 12 in Armour
   698 | D        | Killed a crocodile
   979 | D        | Noticed a giant frog
   979 | D        | Noticed an elephant
   979 | D        | Noticed a spiny frog
   979 | D        | Noticed a porcupine
   979 | D        | Noticed a wolf
   982 | D        | Killed a wolf
   983 | D        | Noticed a death yak
   985 | D        | Noticed a black mamba
   986 | D        | Killed a porcupine
   986 | D        | Reached skill level 5 in Evocations
   989 | D        | Noticed a water moccasin
   994 | D        | Killed a spiny frog
  1001 | D        | Killed an elephant
  1001 | D        | Received a gift from Okawaru
  1012 | D        | Killed a death yak
  1012 | D        | Acquired Okawaru's second power
  1012 | D        | Reached skill level 13 in Armour
  1015 | D        | Killed a giant frog
  1023 | D        | Killed a black mamba
  1023 | D        | Reached XP level 10. HP: 39/93 MP: 13/13
  1031 | D        | Killed a water moccasin
  1031 | D        | Reached skill level 10 in Fighting
  1245 | D        | Noticed a black bear
  1245 | D        | Noticed a black bear
  1245 | D        | Noticed a polar bear
  1245 | D        | Noticed a black bear
  1245 | D        | Noticed a polar bear
  1245 | D        | Noticed a polar bear
  1256 | D        | Killed a polar bear
  1257 | D        | Noticed a polar bear
  1259 | D        | Killed a polar bear
  1272 | D        | Killed a polar bear
  1276 | D        | Killed a black bear
  1281 | D        | Killed a black bear
  1288 | D        | Killed a polar bear
  1294 | D        | Killed a black bear
  1300 | D        | Noticed a black bear
  1306 | D        | Killed a black bear
  1383 | D        | Noticed Harold
  1401 | D        | Killed Harold
  1401 | D        | Reached skill level 1 in Throwing
  1401 | D        | Reached skill level 14 in Armour
  1472 | D        | Noticed Urug
  1501 | D        | Killed Urug
  1532 | D        | Noticed Eustachio
  1544 | D        | Killed Eustachio
  1644 | D        | Noticed an orc wizard
  1644 | D        | Noticed an orc warrior
  1644 | D        | Noticed an orc wizard
  1644 | D        | Noticed an orc priest
  1647 | D        | Killed an orc priest
  1652 | D        | Killed an orc wizard
  1655 | D        | Noticed an orc priest
  1657 | D        | Killed an orc warrior
  1658 | D        | Killed an orc wizard
  1662 | D        | Noticed an orc priest
  1663 | D        | Noticed an orc priest
  1666 | D        | Noticed an orc priest
  1674 | D        | Killed an orc priest
  1676 | D        | Killed an orc priest
  1681 | D        | Killed an orc priest
  1685 | D        | Killed an orc priest
  1867 | D        | Noticed an orc warrior
  1867 | D        | Noticed an orc knight
  1867 | D        | Noticed an orc warrior
  1867 | D        | Noticed an orc priest
  1867 | D        | Noticed an orc warrior
  1869 | D        | Noticed an orc knight
  1879 | D        | Killed an orc warrior
  1884 | D        | Noticed an orc warrior
  1901 | D        | Killed an orc knight
  1902 | D        | Noticed an orc priest
  1960 | D        | Killed an orc knight
  1960 | D        | Reached XP level 11. HP: 27/102 MP: 7/15
  1969 | D        | Killed an orc warrior
  1971 | D        | Killed an orc warrior
  1981 | D        | Killed an orc warrior
  1984 | D        | Killed an orc priest
  1993 | D        | Killed an orc priest
  2016 | D        | Noticed an orc warrior
  2023 | D        | Noticed an orc warrior
  2025 | D        | Killed an orc warrior
  2035 | D        | Killed an orc warrior
  2039 | D        | Noticed an orc warrior
  2050 | D        | Killed an orc warrior
  2239 | D        | Found Puqup's Book Boutique.
  2239 | D        | Noticed an orc high priest
  2239 | D        | Noticed an orc knight
  2239 | D        | Noticed an orc high priest
  2239 | D        | Noticed an orc high priest
  2239 | D        | Noticed an orc high priest
  2242 | D        | Noticed an orc knight
  2252 | D        | Killed an orc high priest
  2254 | D        | Found Velieli Xayc's Food Shop.
  2254 | D        | Noticed an orc knight
  2261 | D        | Killed an orc high priest
  2261 | D        | Received a gift from Okawaru
  2261 | D        | Reached skill level 15 in Armour
  2261 | D        | Reached skill level 15 in Shields
  2262 | D        | Noticed an orc knight
  2273 | D        | Killed an orc high priest
  2274 | D        | Found Ochyiren's General Store.
  2296 | D        | Killed an orc knight
  2296 | D        | Reached skill level 15 in Polearms
  2296 | D        | Reached skill level 10 in Dodging
  2306 | D        | Killed an orc high priest
  2314 | D        | Killed an orc knight
  2314 | D        | Received a gift from Okawaru
  2332 | D        | Killed an orc knight
  2333 | D        | Found Soluebah's Book Shop.
  2340 | D        | Killed an orc knight
  2340 | D        | Received a gift from Okawaru
  2340 | D        | Reached skill level 5 in Throwing
  2373 | D        | Noticed an orc knight
  2375 | D        | Noticed an orc knight
  2377 | D        | Noticed an orc high priest
  2378 | D        | Noticed an orc high priest
  2382 | D        | Noticed an orc knight
  2389 | D        | Killed an orc knight
  2405 | D        | Killed an orc knight
  2424 | D        | Killed an orc high priest
  2426 | D        | Noticed a sun demon
  2428 | D        | HP: 4/104 [sun demon[an orc high priest] (19)]
  2440 | D        | Slain by a sun demon

Vault maps used:
D:        linesprint

Action                   |  1- 3 |  4- 6 |  7- 9 | 10-12 || total
-------------------------+-------+-------+-------+-------++-------
Melee: Trident           |    10 |    52 |   123 |   395 ||   580
Throw: Javelin           |       |       |       |     5 ||     5
Invok: Heroism           |       |       |     2 |     6 ||     8
       Finesse           |       |       |       |     4 ||     4
  Use: Potion            |     1 |     1 |       |     5 ||     7
       Scroll            |       |       |       |     1 ||     1
 Stab: Fleeing           |       |       |       |     3 ||     3
  Eat: Chunk             |       |       |     4 |     1 ||     5
       Bread ration      |       |       |     1 |       ||     1
